 Dungeon Crawl Stone Soup version 0.17-a0-1945-gfe993df (webtiles) character file.

287 mcbry74 the Magician (level 6, -7/32 HPs)
             Began as a Deep Elf Wizard on Oct 1, 2015.
             Mangled by a phantom (9 damage)
             ... on level 4 of the Dungeon.
             The game lasted 00:31:03 (4307 turns).

mcbry74 the Magician (Deep Elf Wizard)              Turns: 4307, Time: 00:31:03

Health: -7/32      AC:  8    Str:  5    XL:     6   Next: 8%
Magic:  0/17       EV: 13    Int: 24    God:
Gold:   171        SH:  0    Dex: 13    Spells: 6 memorised, 5 levels left

rFire  . . .     SeeInvis .     j - +1 dagger (protect)
rCold  . . .     Clarity  .     a - +0 robe
rNeg   . . .     SustAt   .     (no shield)
rPois  .         Gourm    .     p - +0 helmet
rElec  .         Spirit   +     (no cloak)
rCorr  .         Warding  .     (no gloves)
rMut   .         Stasis   .     (no boots)
MR     .....                    g - amulet of guardian spirit
Stlth  ++........               (no ring)
                                (no ring)

@: not resistant to hostile enchantments, unstealthy
A: no striking features
a: no special abilities


You were on level 4 of the Dungeon.
You were hungry.

You visited 1 branch of the dungeon, and saw 4 of its levels.

You collected 171 gold pieces.

Inventory:

Hand weapons
 j - a +1 dagger of protection (weapon)
Missiles
 f - 64 stones (quivered)
 u - 12 poisoned needles
Armour
 a - a +0 robe (worn)
 b - a +0 hat
 p - a +0 helmet (worn)
Jewellery
 g - an amulet of guardian spirit (around neck)
Scrolls
 e - 3 scrolls of recharging
 l - 4 scrolls of remove curse
 n - 2 scrolls of identify
 o - a scroll of fog
 r - a scroll of magic mapping
 s - a scroll of teleportation
Potions
 h - a potion of curing
Books
 c - a book of Minor Magic

   Spells                             Type                      Level
   a - Magic Dart                     Conjuration                  1
   b - Blink                          Translocation                2
   c - Call Imp                       Summoning                    2
   d - Repel Missiles                 Charms/Air                   2
   e - Slow                           Hexes                        2
   f - Conjure Flame                  Conjuration/Fire             3
   g - Mephitic Cloud                 Conjuration/Poison/Air       3
Comestibles
 d - 2 bread rations
 i - 2 chunks of flesh
 k - a slice of pizza
 m - 3 meat rations
 t - a royal jelly


   Skills:
 + Level 0.4 Short Blades
 + Level 0.9 Throwing
 + Level 3.7 Dodging
 + Level 3.4 Stealth
 + Level 6.9 Spellcasting
 + Level 2.4 Conjurations
 + Level 1.3 Summonings
 + Level 1.1 Translocations
 + Level 1.5 Air Magic
 + Level 0.9 Poison Magic


You had 5 spell levels left.
You knew the following spells:

 Your Spells              Type           Power        Failure   Level  Hunger
a - Magic Dart            Conj           ###.         2%          1    None
b - Call Imp              Summ           ##......     8%          2    None
c - Blink                 Tloc           N/A          10%         2    None
d - Mephitic Cloud        Conj/Pois/Air  ###.....     14%         3    None
e - Conjure Flame         Conj/Fire      ##......     17%         3    None
f - Repel Missiles        Chrm/Air       ##....       12%         2    None


Dungeon Overview and Level Annotations

Branches:
Dungeon (4/15)
 Temple: D:4-7

Altars:
The Shining One


Message History

The phantom blinks!
Your magical contamination has completely faded away.
You hit the phantom.
The phantom is almost destroyed.
The phantom hits you.
* * * LOW HITPOINT WARNING * * *
The phantom blinks!
Casting: Magic Dart
Confirm with . or Enter, or press ? or * to list all spells.
You don't have enough magic to cast that spell.
Casting: Magic Dart
Confirm with . or Enter, or press ? or * to list all spells.
You don't have enough magic to cast that spell.
Unknown command.
The phantom blinks!
The phantom blinks!
You hit the phantom.
The phantom is almost destroyed.
The phantom hits you!
You die...

####... . .....## .r
.. ..... ... . ...#
.... . . #..##....
.. #.###....#
...#.#...<#
........W.#
#......@.#
#.#......#
#..####.#######
#..............
#######..###.###.###
.............#
...#####..##.#
##.##.# #.##.#


You could see a phantom.

Vanquished Creatures
  2 worker ants (D:4)
  Jessica (D:2)
  Terence (D:3)
  2 orc wizards (D:3)
  Robin (D:2)
  2 adders (D:3)
  An ooze (D:1)
  A worm (D:2)
  8 orcs (D:3)
  15 bats
  11 hobgoblins
  12 jackals
  4 kobolds
  A quokka (D:3)
  3 ball pythons
  5 giant newts
  17 goblins
  3 rats
90 creatures vanquished.

Vanquished Creatures (collateral kills)
  A hobgoblin (D:2)
  A kobold (D:2)
2 creatures vanquished.

Grand Total: 92 creatures vanquished

Notes
Turn   | Place    | Note
--------------------------------------------------------------
     0 | D:1      | mcbry74 the Deep Elf Wizard began the quest for the Orb.
     0 | D:1      | Reached XP level 1. HP: 10/10 MP: 7/7
   308 | D:1      | Reached XP level 2. HP: 15/15 MP: 6/9
   461 | D:1      | Learned a level 2 spell: Call Imp
   464 | D:1      | Learned a level 2 spell: Blink
   649 | D:1      | Reached skill level 5 in Spellcasting
  1116 | D:1      | Reached XP level 3. HP: 19/19 MP: 9/11
  1783 | D:2      | Noticed Robin
  1790 | D:2      | Learned a level 3 spell: Mephitic Cloud
  1801 | D:2      | Learned a level 3 spell: Conjure Flame
  1804 | D:2      | Learned a level 2 spell: Repel Missiles
  2062 | D:2      | Killed Robin
  2062 | D:2      | Reached XP level 4. HP: 24/24 MP: 6/13
  2285 | D:2      | Noticed Jessica
  2293 | D:2      | Killed Jessica
  2301 | D:2      | Reached skill level 6 in Spellcasting
  2688 | D:3      | Noticed Terence
  2832 | D:3      | Killed Terence
  2832 | D:3      | Reached XP level 5. HP: 21/28 MP: 2/15
  3422 | D:3      | Found a glowing golden altar of the Shining One.
  3442 | D:3      | Reached skill level 1 in Air Magic
  4113 | D:4      | Reached XP level 6. HP: 32/32 MP: 9/17
  4238 | D:4      | Noticed a phantom
  4307 | D:4      | Mangled by a phantom

Vault maps used:
D:1:      eino_arrival_druids_welcome, minivault_19, eino_curves_03,
          minivault_27
D:2:      uniq_robin, uniq_jessica
D:3:      tso_metal_star, uniq_terence
D:4:      corexii_shack_village, nicolae_gozag_cash_rules_everything_around_me,
          minmay_temple_entry_enclosed_plants,
          nicolae_dithmenos_through_a_glass_darkly

Action                   |  1- 3 |  4- 6 || total
-------------------------+-------+-------++-------
Melee: Club              |    11 |       ||    11
       Dagger            |    19 |    78 ||    97
Throw: Stone             |       |     9 ||     9
 Cast: Magic Dart        |    92 |   109 ||   201
       Mephitic Cloud    |     7 |     7 ||    14
       Call Imp          |       |     3 ||     3
       Conjure Flame     |       |     2 ||     2
  Use: Scroll            |     4 |     4 ||     8
 Stab: Confused          |       |     2 ||     2
  Eat: Chunk             |     4 |     6 ||    10
